 Dungeon Crawl Stone Soup version 0.22.1-1-ga44c0e56f4 (webtiles) character file.

56 Freyura the Skirmisher (level 3, 0/34 HPs)
             Began as a Naga Fighter on Sept 21, 2018.
             Killed by nerve-wracking pain
             ... invoked by Grinder
              (3 damage)
             ... on level 3 of the Dungeon on Sept 22, 2018.
             The game lasted 00:06:21 (1441 turns).

Freyura the Skirmisher (Naga Fighter)               Turns: 1441, Time: 00:06:21

Health: 0/34       AC:  5    Str: 18    XL:     3   Next: 95%
Magic:  3/3        EV:  5    Int:  8    God:
Gold:   11         SH:  8    Dex: 11    Spells: 2/2 levels left

rFire    . . .     SeeInvis +   a - +1 flail
rCold    . . .     Gourm    .   c - +0 shield
rNeg     . . .     Faith    .   b - +0 scale mail
rPois    +         Spirit   .   e - +0 helmet
rElec    .         Reflect  .   (no cloak)
rCorr    .         Harm     .   (no gloves)
MR       .....     Rnd*Tele +   (no barding)
Stlth    ..........             (no amulet)
HPRegen  0.11/turn              i - ring of teleportation (curse)
MPRegen  0.08/turn              (no ring)

@: very slow
A: large, see invisible, deformed body, poison resistance, slowness 2, slow
metabolism 1, spit poison 1, AC +1
a: Spit Poison


You were on level 3 of the Dungeon.
You were not hungry.

You visited 1 branch of the dungeon, and saw 3 of its levels.

You collected 11 gold pieces.

Inventory:

Hand Weapons
 a - a +1 flail (weapon)
Armour
 b - a +0 scale mail (worn)
 c - a +0 shield (worn)
 e - a +0 helmet (worn)
 g - a +0 leather armour
 l - a +0 plate armour
Jewellery
 i - a cursed ring of teleportation (left hand)
Potions
 d - a potion of might
 h - 2 potions of curing
 j - 2 potions of ambrosia {unknown}
 k - a potion of haste {unknown}
Comestibles
 f - 5 rations
 q - a chunk of flesh


   Skills:
 + Level 3.6 Fighting
 * Level 3.5 Maces & Flails
 - Level 2.4 Armour
 - Level 2.4 Shields


You had 2 spell levels left.
You didn't know any spells.
Your spell library was empty.

Dungeon Overview and Level Annotations

Branches:
Dungeon (3/15)

Altars:
Gozag
Zin

Annotations:
D:3 Grinder


Innate Abilities, Weirdness & Mutations

You cannot wear boots.
Your serpentine skin is tough. (AC +1)
You have supernaturally acute eyesight. (SInv)
Armour fits poorly on your strangely shaped body.
Your system is resistant to poisons. (rPois)
You cover ground very slowly.
You have a slow metabolism.
You can spit poison.


Message History

The bat hits you but does no damage. Grinder hits you!
You writhe in agony.
You barely miss Grinder.
Grinder is heavily wounded.
The bat hits you but does no damage. Grinder hits you but does no damage.
You sock Grinder!
Grinder is severely wounded.
Grinder hits you but does no damage. The bat barely misses you.
Grinder hits you.
You writhe in agony.
You hit Grinder but do no damage.
Grinder is severely wounded.
The bat hits you but does no damage. Grinder hits you!
* * * LOW HITPOINT WARNING * * *
You writhe in agony.
* * * LOW HITPOINT WARNING * * *
You hit Grinder but do no damage.
Grinder is severely wounded.
The bat hits you but does no damage. Grinder gestures at you.
Pain shoots through your body!
You die...

#.# #.#
#.# #.#
#.# #<#
#.# #.#
#@#
....<[b5.#
#######.?#
#).# #..#
#..# #..#
#..#


You could see Grinder and a bat.

Vanquished Creatures
  2 adders (D:2)
  A dart slug (D:1)
  2 leopard geckos
  A bat (D:1)
  2 giant cockroaches (D:2)
  7 goblins
  6 hobgoblins (D:1)
  2 kobolds (D:1)
  A quokka (D:2)
  A ball python (D:2)
  2 frilled lizards (D:1)
  4 rats
31 creatures vanquished.

Notes
Turn   | Place    | Note
-------+----------+-------------------------------------------
     0 | D:1      | Freyura the Naga Fighter began the quest for the Orb.
     0 | D:1      | Reached XP level 1. HP: 21/21 MP: 1/1
    91 | D:1      | Reached XP level 2. HP: 27/28 MP: 2/2
   618 | D:2      | Reached XP level 3. HP: 34/34 MP: 3/3
  1049 | D:2      | Found an opulent altar of Gozag.
  1050 | D:2      | Found a glowing silver altar of Zin.
  1429 | D:3      | Noticed Grinder
  1441 | D:3      | Killed from afar by Grinder

Skill      XL: |  1  2 |
---------------+-------+-----
Maces & Flails | 3 |  3.5
Fighting       | |  3.6
Armour         | |  2.4
Shields        | |  2.4

Action                   || total
-------------------------++-------
Melee: Flail             ||   135
 Abil: Spit Poison       ||     1
  Use: Scroll            ||     4
  Eat: Chunk             ||     1
Armor: Scale mail        ||    49
Dodge: Dodged            ||    28
Block: Shield            ||    59
